 Dungeon Crawl Stone Soup version 0.30.0-30-g96aa6591b8 (webtiles) character file.

Game seed: 6143013610589214087

18296 LustLizard the Geomancer (level 12, 0/73 HPs)
             Began as a Gargoyle Earth Elementalist on June 27, 2023.
             Was a High Priest of Vehumet.
             Slain by a two-headed ogre
             ... wielding a +0 giant spiked club
              (19 damage)
             ... on level 12 of the Dungeon on June 28, 2023.
             The game lasted 00:23:57 (12838 turns).

LustLizard the Geomancer (GrEE)                    Turns: 12838, Time: 00:23:58

Health: 0/73       AC: 18    Str: 12    XL:     12   Next: 57%
Magic:  1/22       EV: 11    Int: 21    God:    Vehumet [*****.]
Gold:   397        SH:  0    Dex: 10    Spells: 12/24 levels left

rFire   . . .        Q - +8 whip "Snakebite" {venom, curare, rPois}
rCold   . . .        (no shield)
rNeg    + + .        v - +0 acid dragon scales
rPois   ∞            (no helmet)
rElec   +            y - +0 cloak
rCorr   +            g - +1 pair of gloves
SInv    +            e - +0 pair of boots
Will    .....        (no amulet)
Stlth   ++           d - ring of see invisible
HPRegen 0.32/turn    P - ring of positive energy
MPRegen 0.18/turn

%: no passive effects
@: no status effects
A: sickness immunity, AC +8, negative energy resistance 1, electricity
resistance, torment resistance 1, petrification resistance
a: Renounce Religion


You were on level 12 of the Dungeon.
You worshipped Vehumet.
Vehumet was extremely pleased with you.
You visited 1 branch of the dungeon, and saw 12 of its levels.
You also visited: Bailey.

You collected 588 gold pieces.
You spent 191 gold pieces at shops.

Inventory:

Hand Weapons
 Q - the +8 whip "Snakebite" (weapon) {venom, curare, rPois}
   (You took it off Amaemon on level 9 of the Dungeon)

   rPois:     It protects you from poison.
Missiles
 z - a throwing net
Armour
 e - a +0 pair of boots (worn)
 g - a +1 pair of gloves (worn)
 v - +0 acid dragon scales (worn)
 w - the +1 robe "Zokhlar" {rC+}
   (You found it on level 4 of the Dungeon)

   rC:        It protects you from cold.
 y - a +0 cloak (worn)
Magical Staves
 G - a staff of poison
Jewellery
 d - a ring of see invisible (left hand)
 P - a ring of positive energy (right hand)
Wands
 t - a wand of mindburst (15)
 u - a wand of polymorph (13)
 D - a wand of charming (6)
 M - a wand of roots (13)
 N - a wand of flame (7)
Scrolls
 i - 2 scrolls of enchant weapon {unknown}
 j - 3 scrolls of teleportation
 l - a scroll of magic mapping {unknown}
 m - 2 scrolls of fog {unknown}
 n - a scroll of noise {unknown}
 x - 3 scrolls of poison
 C - 4 scrolls of silence {unknown}
 E - a scroll of acquirement {unknown}
 F - 4 scrolls of amnesia {unknown}
 J - a scroll of immolation
 K - a scroll of torment {unknown}
 L - a scroll of enchant armour {unknown}
 O - a scroll of fear {unknown}
Potions
 a - 3 potions of cancellation
 b - 3 potions of magic
 f - 3 potions of resistance
 h - 5 potions of mutation
 k - a potion of berserk rage
 o - 6 potions of flight
 p - 5 potions of haste
 q - 2 potions of might
 r - 4 potions of heal wounds
 s - 5 potions of curing
 A - a potion of brilliance
 B - a potion of invisibility {unknown}
 H - a potion of lignification {unknown}
 I - a potion of ambrosia {unknown}


   Skills:
 + Level 8.0 Fighting
 - Level 1.5 Dodging
 - Level 4.0 Stealth
 + Level 6.9 Spellcasting
 * Level 11.0 Conjurations
 - Level 2.0 Transmutations
 - Level 2.0 Fire Magic
 * Level 12.9 Earth Magic
 - Level 7.0 Poison Magic
 - Level 5.0 Evocations


You had 12 spell levels left.
You knew the following spells:

 Your Spells              Type           Power      Damage    Failure   Level
a - Sandblast             Erth           100%       2d20      1%          1
b - Stone Arrow           Conj/Erth      100%       3d13      1%          3
c - Magic Dart            Conj           100%       1d8       1%          1
d - Olgreb's Toxic Radia  Pois           37%        N/A       2%          4
e - Ignite Poison         Fire/Tmut/Pois 22%        N/A       2%          3

Your spell library contained the following spells:

 Spells                   Type           Power      Damage    Failure   Level
 Conjure Ball Lightning   Conj/Air       15%        3x3d6     45%         6
 Passwall                 Tmut/Erth      31%        N/A       1%          2
 Lee's Rapid Deconstruct  Erth           28%        3d15*     1%          5
 Scorch                   Fire           30%        2d6       2%          2
 Flame Wave               Conj/Fire      34%        2d10      2%          4
 Sticky Flame             Conj/Fire      34%        2d5       2%          4
 Fulminant Prism          Conj/Hex       15%        3d10      4%          4
 Iskenderun's Mystic Bla  Conj/Tloc      30%        2d8       4%          4
 Petrify                  Tmut/Erth      38%        N/A       6%          4
 Volatile Blastmotes      Fire/Tloc      22%        2d11      7%          3
 Leda's Liquefaction      Hex/Erth       17%        N/A       10%         4
 Necrotise                Necr           28%        1d5       14%         1
 Call Canine Familiar     Summ           7%         N/A       38%         3
 Portal Projectile        Hex/Tloc       14%        N/A       38%         3
 Vampiric Draining        Necr           7%         2d6       38%         3
 Agony                    Necr           7%         N/A       98%         5
 Summon Cactus Giant      Summ           3%         N/A       100%        6
 Discord                  Hex            3%         N/A       100%        8
 Ignition                 Fire           7%         3d5       100%        8


Dungeon Overview and Level Annotations

Branches:
Dungeon (12/15)            Temple (0/1) D:6            Lair (0/5) D:10
 Bailey (visited)
    Orc: D:9-12

Altars:
Ashenzari
Makhleb
Vehumet
Wu Jian
Zin

Shops:
D:1 *   D:5 *   D:7 :

Annotations:
D:10 1 runed translucent door, FallenXxXSky's ghost, novice HORe


Innate Abilities, Weirdness & Mutations

You are immune to sickness and miasma.
Your stone body is resilient. (AC +8)
You are immune to poison.
You resist negative energy. (rN+)
You are resistant to electric shocks. (rElec)
You are resistant to unholy torment.
You are immune to petrification.


Message History

Unknown command.
j - 3 scrolls of teleportation (gained 1)
Casting: Stone Arrow (safe; 1% risk of failure)
Confirm with . or Enter, or press ? or * to list all spells.
Aiming: Stone Arrow (safe; 1% risk of failure)
Press: ? - help, Shift-Dir - straight line, f - two-headed ogre
Aim: a two-headed ogre, wielding a +0 giant spiked club and a +0 giant club (89% to hit)
The stone arrow hits the two-headed ogre!!
The two-headed ogre is heavily wounded.
Casting: Stone Arrow (safe; 1% risk of failure)
Confirm with . or Enter, or press ? or * to list all spells.
Aiming: Stone Arrow (safe; 1% risk of failure)
Press: ? - help, Shift-Dir - straight line, f/p - two-headed ogre
Aim: a two-headed ogre, wielding a +0 giant spiked club and a +0 giant club (heavily wounded, 89% to hit)
The stone arrow hits the two-headed ogre!
The two-headed ogre is severely wounded.
You hear the faint crackling of a very distant melting archway.
Casting: Stone Arrow (safe; 1% risk of failure)
Confirm with . or Enter, or press ? or * to list all spells.
You don't have enough magic to cast this spell.
Unknown command.
Unknown command.
Aiming: Sandblast (safe; 1% risk of failure)
Press: ? - help, Q - select action, (/) - cycle Shift-Dir - straight line, f/p - two-headed ogre
Aim: a two-headed ogre, wielding a +0 giant spiked club and a +0 giant club (severely wounded, 93% to hit)
The blast of sand misses the two-headed ogre.
Unknown command.
Aiming: Sandblast (safe; 1% risk of failure)
Press: ? - help, Q - select action, (/) - cycle Shift-Dir - straight line, f/p - two-headed ogre
Aim: a two-headed ogre, wielding a +0 giant spiked club and a +0 giant club (severely wounded, 93% to hit)
The blast of sand hits the two-headed ogre!
The two-headed ogre is almost dead.
The two-headed ogre hits you with a +0 giant spiked club!
The two-headed ogre barely misses you.
You barely miss the two-headed ogre.
The two-headed ogre is almost dead.
The two-headed ogre hits you with a +0 giant spiked club!
* * * LOW HITPOINT WARNING * * *
The two-headed ogre hits you with a +0 giant club!!
You die...

#.......O..#
#..........#
#.....†)...#
#.....†<...#
#..........#
#......†...#
##..........#
........O...#
.#......@...#
######.....#
#.....#
##.#### #.#
#.# #)#
.g......#
.#.#.##.#


You could see a two-headed ogre.

Vanquished Creatures
  2 vault guards (Bailey)
  2 two-headed ogres (D:10)
  Amaemon (D:9)
  Pikel (D:9)
  4 ugly things
  3 gargoyles
  Maggie (D:9)
  An orange demon (D:9)
  An efreet (D:10)
  A troll (D:11)
  Prince Ribbit (Bailey)
  A slime creature (D:10)
  Sigmund (D:2)
  2 wyverns
  A wraith (D:8)
  2 vampires (D:10)
  14 yaks
  A basilisk (D:11)
  Grum (D:8)
  9 humans (Bailey)
  3 vampire mosquitoes
  A steam dragon (D:8)
  2 acid dragons
  Menkaure (D:4)
  A water moccasin (D:6)
  5 orc warriors
  3 ice beasts
  2 sky beasts (D:7)
  A black bear (D:4)
  5 ogres
  A boggart (D:10)
  3 wolves (D:8)
  5 centaurs
  A phantom (D:7)
  A gnoll sergeant (D:10)
  11 bullfrogs
  2 scorpions
  8 wights (D:8)
  22 killer bees
  3 jellies
  7 howler monkeys
  7 hounds
  4 orc priests
  A gnoll bouda (D:9)
  Crazy Yiuf (D:3)
  4 iguanas
  3 sleepcaps
  8 orc wizards
  14 gnolls
  8 adders
  2 shadow imps
  An ufetubus (D:6)
  A worm (D:3)
  5 dart slugs
  35 orcs
  4 bats
  8 endoplasms
  A giant cockroach (D:4)
  11 goblins
  10 hobgoblins
  6 quokkas
  5 ball pythons
  A frilled lizard (D:1)
  5 kobolds
  8 rats
291 creatures vanquished.

Notes
Turn   | Place    | Note
-------+----------+-------------------------------------------
     0 | D:1      | LustLizard the Gargoyle Earth Elementalist began the quest
                  | for the Orb.
     0 | D:1      | Reached XP level 1. HP: 10/10 MP: 3/3
   139 | D:1      | Reached XP level 2. HP: 16/16 MP: 3/5
   220 | D:1      | Reached skill level 4 in Earth Magic
   708 | D:1      | Found Radghokh's General Store.
   810 | D:2      | Reached skill level 1 in Fighting
   810 | D:2      | Reached XP level 3. HP: 20/20 MP: 3/6
   919 | D:2      | Learned a level 3 spell: Stone Arrow
   958 | D:2      | Noticed Sigmund
  1320 | D:2      | Found a radiant altar of Vehumet.
  1347 | D:2      | Became a worshipper of Vehumet
  1589 | D:3      | Reached XP level 4. HP: 25/25 MP: 0/7
  2042 | D:3      | Reached skill level 1 in Conjurations
  2492 | D:3      | Found a runed translucent door.
  2493 | D:3      | Noticed Crazy Yiuf
  2566 | D:1      | Bought a potion of heal wounds for 65 gold pieces
  2626 | D:2      | Killed Sigmund
  2627 | D:2      | Reached skill level 5 in Earth Magic
  2627 | D:2      | Reached XP level 5. HP: 30/30 MP: 1/9
  2627 | D:2      | Reached XP level 6. HP: 35/35 MP: 1/10
  2712 | D:4      | Noticed Menkaure
  2782 | D:4      | Killed Menkaure
  2981 | D:4      | Reached * piety under Vehumet
  2981 | D:4      | Offered knowledge of Magic Dart by Vehumet.
  3026 | D:4      | Learned a level 1 spell: Magic Dart
  3031 | D:4      | Learned a level 4 spell: Olgreb's Toxic Radiance
  3033 | D:4      | You fall into a shaft and drop 3 floors!
  3042 | D:7      | Noticed a sky beast
  3149 | D:6      | Found a staircase to the Ecumenical Temple.
  3177 | D:6      | Noticed an ice beast
  3180 | D:6      | Noticed an ice beast
  3200 | D:6      | Reached XP level 7. HP: 29/40 MP: 6/11
  3205 | D:6      | Reached skill level 6 in Earth Magic
  3205 | D:6      | Reached skill level 1 in Poison Magic
  3407 | D:6      | Found an ornate altar of the Wu Jian Council.
  3421 | D:6      | Reached skill level 1 in Evocations
  3657 | D:5      | Entered Level 5 of the Dungeon
  3704 | D:4      | Identified the +1 robe "Zokhlar" {rC+}
  4096 | D:4      | Reached XP level 8. HP: 46/46 MP: 7/13
  4458 | D:3      | Killed Crazy Yiuf
  4958 | D:5      | Offered knowledge of Momentum Strike by Vehumet.
  4959 | D:5      | Reached skill level 7 in Earth Magic
  5182 | D:5      | Found Hyoddym's Assorted Antiques.
  5188 | D:5      | Bought a smoky coppery potion for 20 gold pieces
  5188 | D:5      | Bought a sedimented white potion for 20 gold pieces
  5188 | D:5      | Bought a ruby potion for 20 gold pieces
  5388 | D:5      | Reached skill level 5 in Conjurations
  5661 | D:5      | Reached ** piety under Vehumet
  5930 | D:5      | Bought a yellow potion for 20 gold pieces
  5930 | D:5      | Bought a scroll labelled YDDEOS BUNIBIV for 23 gold pieces
  5930 | D:5      | Bought a scroll labelled TIG FEFUOPHY for 23 gold pieces
  6100 | D:6      | Reached XP level 9. HP: 40/52 MP: 11/15
  6104 | D:6      | Found a broken altar of Ashenzari.
  6287 | D:6      | Reached skill level 8 in Earth Magic
  6460 | D:7      | Offered knowledge of Searing Ray by Vehumet.
  7292 | D:7      | Found Cuptuiph's Tiny Tomes.
  7373 | D:7      | Reached skill level 5 in Poison Magic
  7767 | D:8      | Reached skill level 5 in Fighting
  7839 | D:8      | Reached *** piety under Vehumet
  7907 | D:8      | Reached XP level 10. HP: 59/59 MP: 14/17
  7963 | D:8      | Reached skill level 9 in Earth Magic
  8352 | D:8      | Noticed Grum
  8360 | D:8      | Killed Grum
  8796 | D:9      | Reached skill level 5 in Spellcasting
  8812 | D:9      | Offered knowledge of Hailstorm by Vehumet.
  8904 | D:9      | Found a glowing silver altar of Zin.
  8906 | D:9      | Noticed Maggie
  8965 | D:9      | Learned a level 3 spell: Ignite Poison
  9184 | D:9      | Noticed Pikel
  9190 | D:9      | Killed Pikel
  9191 | D:9      | Reached skill level 1 in Transmutations
  9262 | D:9      | Noticed Amaemon
  9262 | D:9      | Noticed an orange demon
  9483 | D:9      | Reached skill level 10 in Earth Magic
  9487 | D:9      | Reached skill level 1 in Fire Magic
  9571 | D:9      | Reached **** piety under Vehumet
  9697 | D:10     | Entered Level 10 of the Dungeon
  9710 | D:10     | Reached XP level 11. HP: 64/64 MP: 3/19
  9747 | D:10     | Noticed a two-headed ogre
  9752 | D:10     | Killed a two-headed ogre
  9761 | D:10     | Found a staircase to the Lair.
  9877 | D:10     | Offered knowledge of Inner Flame by Vehumet.
  9877 | D:10     | Noticed a purple ugly thing
  9892 | D:10     | Killed a purple ugly thing
  9988 | D:10     | Found a flagged portal.
  9996 | D:10     | Noticed a two-headed ogre
 10003 | D:10     | Killed a two-headed ogre
 10072 | Bailey   | Entered a bailey
 10142 | Bailey   | Reached skill level 11 in Earth Magic
 10188 | Bailey   | Reached skill level 5 in Evocations
 10191 | Bailey   | Reached ***** piety under Vehumet
 10263 | Bailey   | Noticed Prince Ribbit
 10263 | Bailey   | Noticed a vault guard
 10275 | Bailey   | Killed a vault guard
 10279 | Bailey   | Killed Prince Ribbit
 10367 | Bailey   | Noticed a vault guard
 10372 | Bailey   | Killed a vault guard
 10640 | D:10     | Found a runed translucent door.
 10648 | D:10     | Noticed FallenXxXSky's ghost (novice HORe)
 10677 | D:10     | Offered knowledge of Conjure Ball Lightning by Vehumet.
 10718 | D:10     | Reached XP level 12. HP: 56/72 MP: 9/21
 10820 | D:10     | Found a burning altar of Makhleb.
 10929 | D:10     | Reached skill level 10 in Conjurations
 11198 | D:11     | Reached skill level 12 in Earth Magic
 12250 | D:9      | Killed Maggie
 12468 | D:9      | Killed Amaemon
 12806 | D:12     | Noticed a two-headed ogre
 12838 | D:12     | Slain by a two-headed ogre

Illustrated notes

Levels and vault maps discovered:
D:1:      psy_arrival_radial01, layout_rooms, serial_shops, shop
D:2:      layout_rooms, basic_altar, uniq_sigmund
D:3:      layout_loops_corners, uniq_crazy_yiuf_cottage
D:4:      layout_basic, serial_curves, eino_curves_02, eino_curves_02,
          uniq_menkaure
D:5:      layout_loops_corners, serial_shops, nicolae_shop_rolling_square,
          kennysheep_big_empty_room, guppyfry_early_orc_mine
D:6:      layout_loops_cross, minmay_temple_entry_steel_oval, chequers_garden,
          hangedman_feature_mirror
D:7:      layout_layer_cave, nicolae_shop_i_like_small_books_too
D:8:      layout_loops_cross, uniq_grum
D:9:      layout_roguey, mainiacjoe_overflow_tiny_flanked,
          kennysheep_generic_room_15, uniq_maggie, uniq_pikel, uniq_amaemon
D:10:     minmay_diamond_stairs, layout_irregular_city,
          mainiacjoe_overflow_alcove_1, lair_entry_dummy, enter_bailey_4,
          ebering_ghost_inner_flame
D:11:     layout_small_grid
D:12:     minmay_blocking_statues, layout_long_grid, orc_0_dummy,
          portal_ice_cave_demonic_guard, serial_shops, shop,
          ebering_ghost_disaster_area, minmay_misc_feat_alley, minivault_10,
          serial_bayou_pond_e, st_stairs_8, nicolae_ru_sacrificial_ziggurat

Skill      XL: |  1  2  3  4  5  6  7  8  9 10 11 12 |
---------------+-------------------------------------+-----
Earth Magic    | 4 5 6 7 8 10 11 12 | 12.9
Fighting       | 1 2 3 4 5 6 7 8 |  8.0
Stealth        | 3 4 |  4.0
Conjurations   | 2 3 4 5 6 8 9 11 | 11.0
Spellcasting   | 3 4 5 6 |  6.9
Poison Magic   | 2 4 5 6 7 |  7.0
Evocations     | 1 2 3 4 5 |  5.0
Transmutations | 1 2 |  2.0
Fire Magic     | 1 2 |  2.0
Dodging        | |  1.5

Action                     |  1- 3 |  4- 6 |  7- 9 | 10-12 || total
---------------------------+-------+-------+-------+-------++-------
  Melee: Whip              |       |    10 |    16 |    72 ||    98
         Punch             |       |       |       |     1 ||     1
   Cast: Sandblast         |    55 |    41 |   156 |   133 ||   385
         Stone Arrow       |       |     1 |    17 |    88 ||   106
         Olgreb's Toxic Ra |       |       |     1 |    29 ||    30
         Ignite Poison     |       |       |       |     7 ||     7
    Use: Potion            |       |       |     1 |     3 ||     4
         Scroll            |       |       |     7 |     8 ||    15
 Armour: Robe              |     7 |    13 |    48 |   115 ||   183
         Acid dragon scale |       |       |       |    18 ||    18
  Dodge: Dodged            |    11 |    25 |    64 |   177 ||   277
